 Dungeon Crawl Stone Soup version 0.29-a0-284-gf9362112df (webtiles) character file.

Game seed: 14941135755898098934

742 spaghetti the Covert (level 7, -6/61 HPs)
             Began as a Deep Dwarf Delver on Mar 25, 2022.
             Was an Initiate of Dithmenos.
             Mangled by a two-headed ogre
             ... wielding a +0 giant club
              (15 damage)
             ... on level 9 of the Dungeon.
             The game lasted 00:05:42 (1079 turns).

spaghetti the Covert (Deep Dwarf Delver)            Turns: 1079, Time: 00:05:43

Health: -6/61      AC:  3    Str: 15    XL:     7   Next: 47%
Magic:  6/6        EV: 12    Int: 11    God:    Dithmenos [......]
Gold:   80         SH:  0    Dex: 16    Spells: 6/6 levels left

rFire   + . .      SeeInvis .   a - +0 short sword {short}
rCold   . . .      Faith    .   (no shield)
rNeg    . . .      Spirit   .   b - +0 leather armour
rPois   .          Reflect  .   (no helmet)
rElec   .          Harm     .   (no cloak)
rCorr   .          Rampage  .   (no gloves)
Will    +....                   (no boots)
Stlth   +++++.....              (no amulet)
HPRegen 0.00/turn               k - ring of protection from fire
MPRegen 0.10/turn               (no ring)

@: no status effects
A: damage resistance, heal wounds, sense surroundings 1, no regeneration
a: Heal Wounds, Renounce Religion


You were on level 9 of the Dungeon.
You worshipped Dithmenos.
Dithmenos was noncommittal.
You visited 2 branches of the dungeon, and saw 7 of its levels.

You collected 80 gold pieces.


Innate Abilities, Weirdness & Mutations

You are resistant to damage.
You can heal yourself by infusing magical energy.
You passively map a small area around you.
You do not regenerate.


   Skills:
 - Level 2.6 Fighting
 + Level 3.9 Short Blades
 - Level 2.1 Dodging
 - Level 11.2 Stealth


You had 6 spell levels left.
You didn't know any spells.
Your spell library contained the following spells:

 Spells                   Type           Power      Damage    Failure   Level
 Apportation              Tloc           0%         N/A       41%         1
 Alistair's Intoxication  Tmut/Pois      0%         N/A       100%        5

Inventory:

Hand Weapons
 a - a +0 short sword (weapon) {short}
 i - a +1 quarterstaff of draining {staff}
   (You found it on level 5 of the Dungeon)
Missiles
 h - 5 boomerangs {throwing}
 j - 14 boomerangs of dispersal {=f!fthrowing}
 l - 62 stones {throwing}
Armour
 b - a +0 leather armour (worn)
Jewellery
 k - a ring of protection from fire (left hand)
   (You found it on level 5 of the Dungeon)
Wands
 g - a wand of digging (3)
Scrolls
 c - 2 scrolls of fog

Dungeon Overview and Level Annotations

Branches:
Dungeon (10/15)            Temple (1/1) D:6
   Lair: D:8-11         Orc: D:9-12

Altars:
Ashenzari
Cheibriados
Dithmenos
Fedhas
Gozag
Makhleb
Nemelex Xobeh
Okawaru
Sif Muna
Trog
Wu Jian
Xom
Yredelemnul
Zin

Annotations:
D:7 Prince Ribbit
D:8 2 runed translucent doors
D:9 1 exclusion

, , , , , , * ,, , #####+##### ,
#. #.........# , #..
,+.........#,,..# #.##
#.........# ...# #.#.
#.........+....# #.#.
#......O@.#....# #.#.
##.O...#######'###....# #.#+
#...$ ................# #...
##.... ................# #...
.....#########'#.......# #...
.....#.........#.......#######...
.....#..).######.................
...$.#...##...##.................
.....#...#.....#.................


You could see a two-headed ogre.


Message History

You miss the killer bee. The killer bee stings you.
You are poisoned.
The killer bee poisons you!
The killer bee barely misses you. 😮 HP[-4]
You take 4 damage, and now have 39/61 hp.
You hit the killer bee. The killer bee closely misses you. x2
You closely miss the killer bee. The killer bee misses you.
The killer bee stings you but does no damage.
You closely miss the killer bee. The killer bee stings you. x2 😮 HP[-1]
You take 1 damage, and now have 38/61 hp.
A killer bee is nearby!
A killer bee is nearby!
You hit the killer bee. The killer bee barely misses you.
The killer bee stings you. 😮 HP[-1]
You take 1 damage, and now have 37/61 hp.
You miss the killer bee. The killer bee barely misses you.
The killer bee stings you. 😮 HP[-4]
You take 4 damage, and now have 33/61 hp.
You hit the killer bee. The killer bee barely misses you.
The killer bee stings you.
You miss the killer bee.
You are no longer poisoned.
The killer bee completely misses you.
The killer bee stings you but does no damage.
You miss the killer bee.
The killer bee stings you but does no damage.
The killer bee stings you.
* * * LOW HITPOINT WARNING * * *
You are poisoned.
The killer bee poisons you! 😨 HP[-5]
You take 5 damage, and now have 28/61 hp.
You hit the killer bee.
The killer bee stings you but does no damage.
The killer bee completely misses you.
You hit the killer bee.
You kill the killer bee!
Dithmenos accepts your kill.
Your Short Blades skill increases to level 3!
You are no longer poisoned.
You open the door.
There is an open door here.
You aren't carrying any potions.
You close the door.
You open the door.
An acid dragon comes into view.
There is an open door here.
The helpless acid dragon fails to defend itself.
You perforate the acid dragon like a sieve!!!
You kill the acid dragon!
Dithmenos accepts your kill.
You open the door.
There is an open door here.
You close the door.
Found a stone staircase leading up.
There is a stone staircase leading up here.
You climb upwards.
Level annotation: 2 runed translucent doors
There is a stone staircase leading down here.
Unknown command. 2 gnolls come into view.
You can't go down here!
(D) Dungeon (T) Temple
Where to? (Enter - D:7, ? - help)
There is a stone staircase leading down here.
You climb downwards.
There is a stone staircase leading up here.
Unknown command.
l - 62 stones {throwing} (gained 18) Key pressed, stopping explore.
A two-headed ogre comes into view.
It is wielding a +0 giant spiked club and a +0 giant club.
Unknown command.
Press: ? - help, v - describe, . - travel The floor.
Placed new exclusion.
You open the door.
There is an open door here.
There is an open door here.
You open the door.
A two-headed ogre comes into view.
It is wielding a +0 giant club and a +0 dire flail.
There is an open door here.
The helpless two-headed ogre fails to defend itself.
You skewer the two-headed ogre like a kebab!!!
Unknown command.
Press: ? - help, v - describe, . - travel
Here: a two-headed ogre, wielding a +0 giant club and a +0 dire flail (almost dead)
The floor, spattered with blood.
Unknown command.
Okay, then.
You aren't carrying any potions.
Okay, then.
Okay, then.
You completely miss the two-headed ogre.
The two-headed ogre hits you with a +0 giant club!!
* * * LOW HITPOINT WARNING * * *
The two-headed ogre hits you with a +0 dire flail!
You die...

Skill      XL: |  1  2  3  4  5  6  7 |
---------------+----------------------+-----
Stealth        | 9 10 11 | 11.2
Short Blades   | 2 3 |  3.9
Fighting       | |  2.6
Dodging        | |  2.1

Action                   |  1- 3 |  4- 6 |  7- 9 || total
-------------------------+-------+-------+-------++-------
Melee: Short sword       |     1 |    41 |    37 ||    79
 Abil: Heal Wounds       |       |     1 |     4 ||     5
Evoke: Wand              |     3 |     6 |       ||     9
  Use: Scroll            |       |     7 |       ||     7
       Potion            |       |     3 |     1 ||     4
 Stab: Sleeping          |     1 |     5 |     2 ||     8
Armor: Leather armour    |     1 |    24 |    15 ||    40
Dodge: Dodged            |       |    37 |    67 ||   104

Levels and vault maps discovered:
D:5:      layout_rooms
D:6:      layout_gridville, nicolae_ashenzari_panopticon, temple_doors_ab,
          minmay_unpleasant_kobolds, uniq_prince_ribbit1, uniq_grinder
D:7:      layout_basic, lemuel_tele_altar, gammafunk_temple_overflow_wave,
          bh_walls_and_bars
D:8:      due_chaos_kobolds, layout_basic, okawaru_ov_weapons_minmay,
          nicolae_elyvilon_peaceful_grove
D:9:      layout_irregular_city, kennysheep_vampire_church, serial_shops, shop,
          eino_small_chamber_without_monster, uniq_grum
D:10:     layout_rooms, erik_lair_orcish_takeover, serial_shops, shop,
          enter_bailey_8
Temple:   hc_temple_tempest_star

Notes
Turn   | Place    | Note
-------+----------+-------------------------------------------
     0 | D:5      | spaghetti the Deep Dwarf Delver began the quest for the
                  | Orb.
     0 | D:5      | Reached XP level 1. HP: 20/20 MP: 1/1
     0 | D:5      | magus.rc [v1.9.6]
    38 | D:5      | Noticed a sky beast
    49 | D:5      | Noticed a hound
    49 | D:5      | Noticed a hound
    51 | D:5      | You pick up a book of Party Tricks and begin reading...
    51 | D:5      | You add the spells Apportation and Alistair's Intoxication
                  | to your library.
    83 | D:6      | Noticed Grinder
    91 | D:6      | Killed Grinder
    92 | D:6      | Reached skill level 9 in Stealth
    92 | D:6      | Reached XP level 2. HP: 17/27 MP: 2/2
    92 | D:6      | Reached XP level 3. HP: 21/33 MP: 3/3
    92 | D:6      | Reached XP level 4. HP: 26/40 MP: 4/4
    92 | D:6      | Reached XP level 5. HP: 29/46 MP: 5/5
    99 | D:7      | Noticed a water moccasin
   101 | D:7      | Killed a water moccasin
   102 | D:7      | Reached skill level 10 in Stealth
   102 | D:7      | Reached XP level 6. HP: 35/55 MP: 6/6
   121 | D:6      | Noticed Prince Ribbit
   219 | D:6      | Reached skill level 11 in Stealth
   334 | D:6      | Found a staircase to the Ecumenical Temple.
   339 | Temple   | Entered the Ecumenical Temple
   473 | Temple   | Became a worshipper of Dithmenos the Shadowed
   541 | D:6      | Noticed a steam dragon
   556 | D:6      | HP: 11/55 [white imp/puff of frost (5)]
   578 | D:6      | Found a broken altar of Ashenzari.
   759 | D:8      | Found an iron altar of Okawaru.
   767 | D:8      | Noticed an ice beast
   774 | D:8      | Killed an ice beast
   775 | D:8      | Reached skill level 2 in Short Blades
   775 | D:8      | Reached XP level 7. HP: 40/61 MP: 7/7
   783 | D:8      | Found a large runed translucent door.
   783 | D:8      | Found a large runed translucent door.
   793 | D:9      | Noticed a two-headed ogre
   797 | D:9      | Noticed a wyvern
   814 | D:9      | HP: 14/61 [killer bee (2)]
   816 | D:10     | Entered Level 10 of the Dungeon
   817 | D:10     | HP: 5/61 [killer bee (4)]
   831 | D:9      | HP: 13/61 [killer bee (7)]
   865 | D:9      | Reached skill level 3 in Short Blades
  1041 | D:9      | Noticed a two-headed ogre
  1075 | D:9      | Noticed a two-headed ogre
  1079 | D:9      | HP: 9/61 [two-headed ogre/+0 giant club (19)]
  1079 | D:9      | Mangled by a two-headed ogre

Vanquished Creatures
  Grinder (D:6)
  An acid dragon (D:9)
  A water moccasin (D:7)
  A black bear (D:6)
  An ice beast (D:8)
  A kobold brigand (D:6)
  A killer bee (D:9)
  A hound (D:6)
  An adder (D:6)
  An ufetubus (D:6)
  5 kobolds (D:6)
15 creatures vanquished.

Table legend:
 A = Non-vault XP
 B = Vault XP
 C = Vault XP percentage of total XP
 D = Non-vault monster count
 E = Vault monster count
 F = Vault count percentage of total count
                 A         B        C        D         E       F
            +---------+---------+-------+---------+---------+-------
      Total |     692 |     368 |  34.7 |       8 |       7 |  46.7
            +---------+---------+-------+---------+---------+-------
        D:6 |     197 |     368 |  65.1 |       4 |       7 |  63.6
        D:7 |     153 |       0 |   0.0 |       1 |       0 |   0.0
        D:8 |     124 |       0 |   0.0 |       1 |       0 |   0.0
        D:9 |     218 |       0 |   0.0 |       2 |       0 |   0.0
            +---------+---------+-------+---------+---------+-------

Illustrated notes

Table legend:
 A = Kills in this place as a percentage of kills in entire the game.
 B = Kills by you in this place as a percentage of kills by you in the entire game.
 C = Kills by friends in this place as a percentage of kills by friends in the entire game.
 D = Other kills in this place as a percentage of other kills in the entire game.
 E = Experience gained in this place as a percentage of experience gained in the entire game.
 F = Experience gained in this place divided by the number of levels of this place that you have seen.
                   A       B       C       D       E      F
               +-------+-------+-------+-------+-------+----------------------
         Total | 100.0 | 100.0 |   N/A |   N/A | 100.0 | 151.4
       Dungeon | 100.0 | 100.0 |   N/A |   N/A | 100.0 | 176.7
               +-------+-------+-------+-------+-------+----------------------

Table legend: (Time is in decaauts)
 A = Elapsed time spent in this place.
 B = Non-inter-level travel time spent in this place.
 C = Inter-level travel time spent in this place.
 D = Time resting spent in this place.
 E = Time spent auto-exploring this place.
 F = Levels seen in this place.
 G = Mean time per level.
                   A        B        C        D        E       F      G
               +--------+--------+--------+--------+--------+-----+--------+
         Total |   1060 |    953 |    107 |      0 |    494 |   7 |  151.4 |
       Dungeon |    911 |    838 |     73 |      0 |    393 |   6 |  151.8 |
        Temple |    149 |    115 |     34 |      0 |    101 |   1 |  149.0 |
               +--------+--------+--------+--------+--------+-----+--------+

Top non-repeatable levels by time:
     D:6: 522 daAuts
     D:9: 162 daAuts
  Temple: 149 daAuts
     D:8: 128 daAuts
     D:5: 74 daAuts
    D:10: 12 daAuts
     D:7: 10 daAuts
